 Dungeon Crawl Stone Soup version 0.20.1-1-g8b1a95d (webtiles) character file.

70 Irenicus the Changer (level 4, 0/38 HPs)
             Began as a Deep Dwarf Transmuter on Oct 20, 2017.
             Was an Initiate of Makhleb.
             Killed from afar by Sigmund (7 damage)
             ... with a magic dart
             ... on level 2 of the Dungeon.
             The game lasted 00:07:31 (1371 turns).

Irenicus the Changer (Deep Dwarf Transmuter)        Turns: 1371, Time: 00:07:32

Health: 0/38       AC:  0    Str: 14    XL:     4   Next: 3%
Magic:  1/6        EV: 15    Int: 13    God:    Makhleb [......]
Gold:   66         SH:  0    Dex: 14    Spells: 1/7 levels left

rFire    . . .     SeeInvis .     - Unarmed
rCold    . . .     Gourm    .   (shield currently unavailable)
rNeg     . . .     Faith    .   (armour currently unavailable)
rPois    .         Spirit   .   (helmet currently unavailable)
rElec    .         Reflect  .   (cloak currently unavailable)
rCorr    .         Harm     .   (gloves currently unavailable)
MR       .....                  (boots currently unavailable)
Stlth    +.........             (no amulet)
Regen    0.0/turn               (ring currently unavailable)
MPRegen  0.1/turn               (ring currently unavailable)

@: pig-form, non-regenerating, very quick
A: damage resistance, heal wounds, sense surroundings 1, no regeneration
a: Heal Wounds, Renounce Religion


You were on level 2 of the Dungeon.
You worshipped Makhleb.
Makhleb was noncommittal.
You were hungry.
You were a filthy swine.
You visited 1 branch of the dungeon, and saw 2 of its levels.

You collected 66 gold pieces.

Inventory:

Missiles
 a - 8 arrows
 o - 22 bolts
 A - 4 javelins of penetration (quivered)
Armour
 b - a +0 robe
 l - a +0 leather armour (melded)
 v - a +0 cloak (melded)
Jewellery
 i - an uncursed ring of flight
 r - a ring of wizardry (melded)
 y - an uncursed ring of positive energy
 z - a ring of poison resistance (melded)
Scrolls
 e - a scroll of random uselessness {unknown}
 g - a scroll of amnesia {unknown}
 h - a scroll of noise {unknown}
 k - a scroll of immolation {unknown}
 m - a scroll of enchant armour {unknown}
 n - a scroll of enchant weapon {unknown}
 p - a scroll of remove curse {unknown}
 q - 5 scrolls of identify {unknown}
 s - a scroll of teleportation {unknown}
 w - a scroll of fear {unknown}
 B - a scroll of fog {unknown}
Potions
 j - 2 potions of mutation {unknown}
 x - a potion of heal wounds {unknown}
 C - a potion of curing {unknown}
Books
 c - a book of Changes

   Spells                             Type                      Level
   a - Beastly Appendage              Transmutation                1
   b - Sticks to Snakes               Transmutation                2
   c - Spider Form                    Transmutation/Poison         3
   d - Ice Form                       Ice/Transmutation            4
   e - Blade Hands                    Transmutation                5
Comestibles
 d - 2 bread rations
 f - a royal jelly
 t - 4 fruits


   Skills:
 - Level 1.0 Fighting
 - Level 2.1 Dodging
 - Level 3.0 Unarmed Combat
 - Level 2.0 Spellcasting
 + Level 3.5 Transmutations


You had one spell level left.
You knew the following spells:

 Your Spells              Type           Power        Failure   Level  Hunger
a - Spider Form           Tmut/Pois      #.........   36%         3    ####...
b - Sticks to Snakes      Tmut           ##......     9%          2    ###....
c - Beastly Appendage     Tmut           ##....       6%          1    ##.....


Dungeon Overview and Level Annotations

Branches:
Dungeon (2/15)

Altars:
Makhleb
Okawaru
Zin

Annotations:
D:2 Sigmund


Innate Abilities, Weirdness & Mutations

You are resistant to damage.
You can heal yourself by infusing magical energy.
You passively map a small area around you.
You do not regenerate.


Message History

There is a stone staircase leading up here.
Casting: Spider Form
Confirm with . or Enter, or press ? or * to list all spells.
You create a snake!
You now have 8 arrows.
Sigmund gestures at you while chanting. You resist with some effort.
You hit Sigmund.
Sigmund is heavily wounded.
Sigmund zaps a wand.
You turn into a filthy swine.
Your +0 cloak melds into your body.
Your +0 leather armour melds into your body.
Your ring of wizardry melds into your body.
Your ring of poison resistance melds into your body.
You swap places.
Your ball python barely misses Sigmund.
Your ball python grabs Sigmund.
Your ball python constricts Sigmund.
Sigmund hits your ball python with a scythe!
Your ball python dies!
Sigmund casts a spell at you. The magic dart hits you!
You die...

### #####.# ##### #.....#
#...# #h###.### #.#.#
#....<@.# ##### #.#.#
#######.# ....# #.#.#
#.......# ....# #{#.#
#.####### ....#
#.#.###+######## ....####
#.#............# .......#
#.#............#
##.....###.#............#


You could see Sigmund.

Vanquished Creatures
  4 adders (D:2)
  2 bats
  A giant cockroach (D:1)
  3 goblins
  2 hobgoblins
  3 jackals (D:1)
  7 kobolds
  A frilled lizard (D:2)
  2 rats
25 creatures vanquished.

Vanquished Creatures (collateral kills)
  A gnoll (D:1)
  An ooze (D:1)
  A goblin (D:1)
3 creatures vanquished.

Grand Total: 28 creatures vanquished

Notes
Turn   | Place    | Note
-------+----------+-------------------------------------------
     0 | D:1      | Irenicus the Deep Dwarf Transmuter began the quest for the Orb.
     0 | D:1      | Reached XP level 1. HP: 16/16 MP: 3/3
    38 | D:1      | Reached skill level 1 in Fighting
   321 | D:1      | Reached XP level 2. HP: 19/25 MP: 3/5
   389 | D:1      | Learned a level 2 spell: Sticks to Snakes
   827 | D:2      | Reached XP level 3. HP: 27/31 MP: 3/5
   860 | D:2      | Learned a level 3 spell: Spider Form
   967 | D:2      | Found an iron altar of Okawaru.
   967 | D:2      | Found a burning altar of Makhleb.
   967 | D:2      | Found a glowing silver altar of Zin.
   971 | D:2      | Became a worshipper of Makhleb the Destroyer
  1022 | D:2      | Reached XP level 4. HP: 25/38 MP: 1/6
  1236 | D:2      | Noticed Sigmund
  1371 | D:2      | Killed from afar by Sigmund

Skill      XL: |  1  2  3 |
---------------+----------+-----
Fighting       | 1 |  1.0
Unarmed Combat | 3 |  3.0
Spellcasting   | 2 |  2.0
Transmutations | 2 3 |  3.5
Dodging        | |  2.1

Action                   |  1- 3 |  4- 6 || total
-------------------------+-------+-------++-------
Melee: Unarmed           |    94 |     8 ||   102
       Kick              |     6 |       ||     6
       Headbutt          |     2 |       ||     2
 Cast: Beastly Appendage |    10 |       ||    10
       Sticks to Snakes  |     9 |     4 ||    13
       Spider Form       |     4 |     3 ||     7
 Abil: Heal Wounds       |     1 |       ||     1
  Eat: Chunk             |     2 |     1 ||     3
Armor: Leather armour    |    17 |       ||    17
       Robe              |     4 |       ||     4
       Skin              |     5 |       ||     5
Dodge: Dodged            |    61 |     7 ||    68
